[ AOE2 MATCH · #505826980 ]
UnrankedPersians vs Mongols
Player's team · WIN
Rival team · LOSS
[ REPLAY ANALYSIS · EXTRACTED FROM THE RECORDED GAME ]
Feudal
—
Castle
—
Imperial
—
| APM avg | 16.0 |
| APM peak | 40 |
| eAPM avg | 7.8 |
| Villagers / military | 28 / 0 |
Focus
⚔️ 10.1% · 🌾 89.9%
Feudal
8:49
Castle
—
Imperial
—
| APM avg | 42.3 |
| APM peak | 65 |
| eAPM avg | 18.1 |
| Villagers / military | 23 / 3 |
Focus
⚔️ 24.5% · 🌾 75.5%
Militia ×3
Match map
Initial resources + every placement click. Lines = walls · curves = elevation contours. ◆ gold · ⬟ stone · ● berries · ✦ relic · ◌ wall gap
Your base· Open — unwalled flank
likeOrange's base· Open — unwalled flank
Smoothed initial terrain · ◌ = detected wall gap · hover for details
Inputs per minute
— willem.goossenss - - likeOrange
Build order — willem.goossenss
39 actions detected in the replay
| 0:04 | Build | House |
| 0:05 | Build | House |
| 0:07 | Queue | Villager (Male) |
| 0:07 | Queue | Villager (Male) |
| 0:07 | Queue | Villager (Male) |
| 0:07 | Queue | Villager (Male) |
| 0:08 | Queue | Villager (Male) |
| 1:01 | Build | Lumber Camp |
| 1:45 | Queue | Villager (Male) |
| 2:15 | Queue | Villager (Male) |
| 2:41 | Queue | Villager (Male) |
| 3:01 | Queue | Villager (Male) |
| 3:26 | Build | House |
| 3:30 | Queue | Villager (Male) |
| 3:48 | Queue | Villager (Male) |
| 4:10 | Research | Loom |
| 4:41 | Build | Mill |
| 4:44 | Queue | Villager (Male) |
| 5:07 | Queue | Villager (Male) |
| 5:08 | Queue | Villager (Male) |
| 7:08 | Build | Town Center |
| 8:14 | Queue | Villager (Male) |
| 8:14 | Queue | Villager (Male) |
| 8:28 | Build | House |
| 8:31 | Build | House |
| 8:33 | Build | Palisade Wall |
| 8:50 | Queue | Villager (Male) |
| 8:50 | Queue | Villager (Male) |
| 9:27 | Queue | Villager (Male) |
| 9:27 | Queue | Villager (Male) |
| 9:46 | Build | House |
| 10:39 | Queue | Villager (Male) |
| 10:39 | Queue | Villager (Male) |
| 11:40 | Queue | Villager (Male) |
| 11:40 | Queue | Villager (Male) |
| 12:53 | Queue | Villager (Male) |
| 12:53 | Queue | Villager (Male) |
| 13:44 | Queue | Villager (Male) |
| 13:44 | Queue | Villager (Male) |
Build order — likeOrange
41 actions detected in the replay
| 0:01 | Queue | Villager (Male) |
| 0:01 | Queue | Villager (Male) |
| 0:02 | Queue | Villager (Male) |
| 0:03 | Build | House |
| 0:05 | Build | House |
| 0:06 | Queue | Villager (Male) |
| 1:37 | Queue | Villager (Male) |
| 1:37 | Queue | Villager (Male) |
| 2:08 | Queue | Villager (Male) |
| 2:08 | Queue | Villager (Male) |
| 2:10 | Build | Lumber Camp |
| 2:33 | Queue | Villager (Male) |
| 2:33 | Queue | Villager (Male) |
| 2:33 | Queue | Villager (Male) |
| 2:37 | Build | House |
| 3:09 | Queue | Villager (Male) |
| 3:10 | Queue | Villager (Male) |
| 3:10 | Queue | Villager (Male) |
| 3:58 | Queue | Villager (Male) |
| 4:16 | Queue | Villager (Male) |
| 4:32 | Queue | Villager (Male) |
| 5:11 | Queue | Villager (Male) |
| 5:36 | Build | Barracks |
| 5:43 | Research | Loom |
| 6:23 | Build | House |
| 6:39 | Research | Feudal Age |
| 7:01 | Build | Palisade Wall |
| 7:06 | Queue | Militia |
| 7:06 | Queue | Militia |
| 7:06 | Queue | Militia |
| 8:49 | Age | Feudal Age |
| 8:58 | Build | Watch Tower |
| 9:34 | Queue | Villager (Male) |
| 9:34 | Queue | Villager (Male) |
| 9:40 | Build | Mining Camp |
| 9:57 | Queue | Villager (Male) |
| 10:10 | Queue | Villager (Male) |
| 10:36 | Queue | Villager (Male) |
| 10:42 | Build | Watch Tower |
| 12:13 | Build | Watch Tower |
| 13:05 | Build | House |
Match timeline
| 5:36 | likeOrange · first_building Barracks |
| 7:01 | likeOrange · wall_segment Palisade Wall x1 |
| 8:33 | willem.goossenss · wall_segment Palisade Wall x1 |
| 8:49 | likeOrange · age_up feudal |
| 13:47 | likeOrange · resign |
[ AI ANALYSIS · 1 CREDIT ]
What really happened in this match?
Wolo.gg analyzes every decision: build order, eco, micro, common mistakes by bracket. Personalized analysis on WhatsApp or Discord in 30 seconds.
Civ guide
Persians
Perfil
Jugador #18689586